 Dungeon Crawl Stone Soup version 0.26-a0-546-g3c2127501a (webtiles) character file.

Game seed: 2966883071981227577

6661 ANON1729 the Missionary (level 11, 0/99 HPs)
             Began as a Hill Orc Fighter on Aug 19, 2020.
             Was a Priest of Beogh.
             Slain by an acid dragon (6 damage)
             ... while petrified by a basilisk
             ... on level 9 of the Dungeon.
             The game lasted 00:11:26 (10110 turns).

ANON1729 the Missionary (Hill Orc Fighter)         Turns: 10110, Time: 00:11:26

Health: 0/99       AC:  4    Str: 23    XL:     11   Next: 3%
Magic:  19/19      EV:  2    Int:  8    God:    Beogh [***...]
Gold:   373        SH:  0    Dex: 10    Spells: 10/10 levels left

rFire    . . .     SeeInvis .   a - +0 war axe
rCold    . . .     Faith    .   c - +0 kite shield
rNeg     + + +     Spirit   .   b - +0 scale mail
rPois    ∞         Reflect  .   (no helmet)
rElec    .         Harm     .   (no cloak)
rCorr    .                      (no gloves)
MR       .....                  (no boots)
Stlth    ..........             (no amulet)
HPRegen  0.26/turn              (no ring)
MPRegen  0.16/turn              (no ring)

@: petrified, corroded, berserk cooldown, slowed
A: no striking features
a: Smiting, Renounce Religion


You were on level 9 of the Dungeon.
You worshipped Beogh.
Beogh was most pleased with you.
You visited 2 branches of the dungeon, and saw 10 of its levels.

You collected 373 gold pieces.

Inventory:

Hand Weapons
 a - a +0 war axe (weapon)
 D - the +1 spear of Equivalence {vorpal, rElec rPois Int+5}
   (You found it on level 7 of the Dungeon)

   It inflicts extra damage upon your enemies.
   It affects your intelligence (+5).
   It insulates you from electricity.
   It protects you from poison.
Armour
 b - a +0 scale mail (worn)
 c - a +0 kite shield (worn)
 G - a +0 troll leather armour
Jewellery
 o - an uncursed amulet of magic regeneration {unknown}
 u - an uncursed ring of stealth
 H - an uncursed amulet of reflection
 I - the ring "Juriaparho" {rElec rC+ MP+9 Str+4, unknown}
   (You found it on level 9 of the Dungeon)

   [ring of magical power]

   It affects your strength (+4).
   It protects you from cold.
   It insulates you from electricity.
   It affects your magic capacity (+9).
Wands
 E - a wand of acid (2)
Scrolls
 e - 10 scrolls of identify {unknown}
 g - 4 scrolls of amnesia {unknown}
 h - 3 scrolls of fog {unknown}
 i - 2 scrolls of enchant weapon {unknown}
 l - 5 scrolls of magic mapping {unknown}
 m - 3 scrolls of remove curse {unknown}
 n - a scroll of enchant armour {unknown}
 q - 3 scrolls of teleportation {unknown}
 r - a scroll of noise {unknown}
 s - 4 scrolls of fear {unknown}
 y - 3 scrolls of immolation {unknown}
 F - a scroll of blinking {unknown}
Potions
 d - a potion of might
 f - a potion of ambrosia {unknown}
 j - a potion of invisibility
 k - a potion of cancellation {unknown}
 p - 3 potions of heal wounds
 t - a potion of haste {unknown}
 v - a potion of berserk rage
 w - a potion of degeneration {unknown}
 x - a potion of mutation {unknown}
 z - a potion of flight {unknown}
 A - 2 potions of brilliance {unknown}
 B - 3 potions of curing {unknown}
 C - a potion of lignification {unknown}


   Skills:
 + Level 10.0 Fighting
 + Level 10.3 Axes
 + Level 9.0 Armour
 - Level 6.0 Shields
 * Level 10.8 Invocations


You had 10 spell levels left.
You didn't know any spells.
Your spell library contained the following spells:

 Spells                   Type           Power        Failure   Level
 Magic Dart               Conj           #...         97%         1
 Summon Small Mammal      Summ           #...         97%         1
 Call Imp                 Summ           #.......     99%         2
 Searing Ray              Conj           #.....       99%         2
 Call Canine Familiar     Summ           #.......     100%        3
 Dazzling Flash           Conj/Hex       #.....       100%        3
 Summon Guardian Golem    Hex/Summ       #.......     100%        3
 Fulminant Prism          Conj/Hex       #.........   100%        4
 Iskenderun's Mystic Bla  Conj/Tloc      #.......     100%        4
 Summon Ice Beast         Ice/Summ       #.......     100%        4
 Summon Lightning Spire   Summ/Air       #.......     100%        4


Dungeon Overview and Level Annotations

Branches:
Dungeon (9/15)             Temple (1/1) D:7
   Lair: D:8-11         Orc: D:9-12

Altars:
Cheibriados
Dithmenos
Fedhas
Kikubaaqudgha
Makhleb
Nemelex Xobeh
Qazlal
Sif Muna
Vehumet
Yredelemnul

Shops:
D:6 (


Message History

The acid dragon claws you but does no damage.
The acid dragon spits acid at you. The splash of acid hits you.
* * * LOW HITPOINT WARNING * * *
The acid corrodes you!
You are splashed with acid!
* * * LOW HITPOINT WARNING * * *
The acid dragon bites you but does no damage.
The acid dragon claws you but does no damage.
You are no longer berserk.
You feel yourself slow down.
The acid dragon bites you but does no damage.
The acid dragon claws you.
* * * LOW HITPOINT WARNING * * *
The acid dragon spits acid at you. The splash of acid hits you!
* * * LOW HITPOINT WARNING * * *
You are splashed with acid!
* * * LOW HITPOINT WARNING * * *
The acid dragon bites you!
You die...

........# #.#..#
#.... .....##.#
#.#..# #.###
....###.# #.#..####.#
# ...## #.#
#.#.......### ..##
#.# #.#####...... ###
#.# #.# #.##### #.#
#.# #...#.. ###
######### ####### #
#.@#.########.#
#.#D###.......(.##
#..#........###....##
#......(...###
####..###
.......##### ###...
.....##.# #### .....
##. # ..## # .#


You could see an acid dragon (catching breath).

Vanquished Creatures
  Harold (D:8)
  Pikel (D:4)
  Joseph (D:8)
  A troll (D:9)
  Grinder (D:6)
  4 wyverns
  Eustachio (D:6)
  A basilisk (D:9)
  Menkaure (D:6)
  2 black bears
  2 orc warriors
  2 sky beasts (D:6)
  3 phantoms
  4 ogres
  6 centaurs
  A crocodile (D:9)
  A big kobold (D:9)
  3 bullfrogs
  3 scorpions
  9 killer bees
  11 howler monkeys
  A centaur zombie (D:9)
  A bullfrog zombie (D:5)
  A centaur skeleton (D:6)
  6 hounds
  A jelly (D:7)
  An orc priest (D:8)
  5 orc wizards
  3 worker ants
  A hound skeleton (D:6)
  2 hound zombies
  5 gnolls
  11 adders
  2 shadow imps
  2 white imps
  4 ufetubi
  2 oozes
  An adder zombie (D:5)
  2 adder skeletons
  4 worms
  2 dart slugs
  9 leopard geckos
  22 orcs
  A ball python (D:4)
  8 bats
  10 giant cockroaches
  9 hobgoblins
  4 jackals (D:3)
  7 quokkas
  2 frilled lizards (D:1)
  9 goblins
  14 kobolds
  3 leopard gecko skeletons
  A quokka skeleton (D:8)
  3 rats
218 creatures vanquished.

Vanquished Creatures (collateral kills)
  An orc (D:8)
1 creature vanquished.

Vanquished Creatures (others)
  An orc priest (D:8)
  2 orcs
  A quokka (D:4)
4 creatures vanquished.

Grand Total: 223 creatures vanquished

Notes
Turn   | Place    | Note
-------+----------+-------------------------------------------
     0 | D:1      | ANON1729 the Hill Orc Fighter began the quest for the Orb.
     0 | D:1      | Reached XP level 1. HP: 19/19 MP: 1/1
    97 | D:1      | Reached XP level 2. HP: 18/27 MP: 2/2
   219 | D:1      | Reached XP level 3. HP: 21/33 MP: 3/3
  1441 | D:2      | Reached XP level 4. HP: 40/40 MP: 4/4
  2158 | D:3      | Reached XP level 5. HP: 43/47 MP: 5/5
  2298 | D:3      | Found a sparkling altar of Nemelex Xobeh.
  2602 | D:3      | Found a snail-covered altar of Cheibriados.
  2700 | D:3      | Reached skill level 5 in Fighting
  2738 | D:3      | Found a radiant altar of Vehumet.
  2940 | D:3      | Found a shimmering blue altar of Sif Muna.
  2953 | D:3      | Reached XP level 6. HP: 56/56 MP: 6/6
  3279 | D:4      | Reached skill level 5 in Axes
  3279 | D:4      | Reached skill level 5 in Armour
  3303 | D:4      | Noticed Pikel
  3335 | D:4      | Killed Pikel
  3335 | D:4      | Reached XP level 7. HP: 29/64 MP: 7/7
  3564 | D:4      | Found a basalt altar of Yredelemnul.
  3587 | D:4      | Became a worshipper of Beogh the Brigand
  3774 | D:4      | Reached XP level 8. HP: 48/71 MP: 8/8
  4380 | D:4      | Reached skill level 1 in Invocations
  4449 | D:5      | Entered Level 5 of the Dungeon
  5126 | D:5      | Reached * piety under Beogh
  5381 | D:5      | Found a blossoming altar of Fedhas.
  5383 | D:5      | Found an ancient bone altar of Kikubaaqudgha.
  5897 | D:6      | Reached skill level 5 in Invocations
  5928 | D:6      | Noticed Grinder
  5940 | D:6      | Killed Grinder
  5940 | D:6      | Reached XP level 9. HP: 40/81 MP: 11/13
  6126 | D:6      | Noticed Eustachio
  6157 | D:6      | Killed Eustachio
  6444 | D:6      | Noticed Menkaure
  6450 | D:6      | Killed Menkaure
  6573 | D:6      | Found Wixes's Weapon Shoppe.
  6614 | D:6      | Found a shadowy altar of Dithmenos.
  6697 | D:7      | Found a burning altar of Makhleb.
  6793 | D:7      | Got a steaming spear
  6862 | D:7      | HP: 3/82 [killer bee (5)]
  7395 | D:7      | Found a staircase to the Ecumenical Temple.
  7403 | D:7      | Reached ** piety under Beogh
  7713 | D:8      | Noticed Harold
  7728 | D:8      | Killed Harold
  7728 | D:8      | Reached skill level 5 in Shields
  7728 | D:8      | Reached XP level 10. HP: 41/91 MP: 14/16
  7934 | Temple   | Entered the Ecumenical Temple
  8073 | D:8      | Noticed Joseph
  8091 | D:8      | Killed Joseph
  8778 | D:8      | Reached *** piety under Beogh
  8788 | D:8      | Reached skill level 10 in Invocations
  8981 | D:8      | Reached skill level 10 in Axes
  9113 | D:9      | Found a stormy altar of Qazlal.
  9939 | D:9      | Identified the +1 spear of Equivalence {vorpal, rElec rPois
                  | Int+5} (You found it on level 7 of the Dungeon)
 10041 | D:9      | Got a faintly glowing lapis lazuli ring
 10099 | D:9      | Reached skill level 10 in Fighting
 10099 | D:9      | Reached XP level 11. HP: 51/99 MP: 17/19
 10110 | D:9      | Slain by an acid dragon

Illustrated notes

Levels and vault maps discovered:
D:1:      sevenhm_arrival_forest_fort_small_4, layout_loops_corners,
          chequers_serial_rivers_micro_d, minivault_19, minmay_hexomino_u4
D:2:      minmay_wonky_spiral, layout_loops_ring, serial_bayou_pond_d,
          wad_orctagon
D:3:      layout_loops_ring, kennysheep_slug_shrine,
          nemelex_xobeh_ov_fountains_minmay, lemuel_crystal_altar, led_sif_book
D:4:      layout_cave_pods, lemuel_crystal_altar, uniq_pikel
D:5:      layout_gridville, grunt_temple_overflow_growth_and_decay
D:6:      layout_gridville, kennysheep_little_box, serial_shops, shop,
          minmay_misc_feat_tower, uniq_eustachio, uniq_grinder, uniq_menkaure
D:7:      layout_rooms, nicolae_overflow_hidden_temple, minmay_temple_entry_hall
D:8:      layout_loops_cross, uniq_harold, uniq_joseph
D:9:      layout_loops_ring, lemuel_crystal_altar, erik_lair_dragon
Temple:   oiseaux_autumnal_temple

Skill      XL: |  1  2  3  4  5  6  7  8  9 10 |
---------------+-------------------------------+-----
Axes           | 3 4 6 8 9 10 | 10.3
Fighting       | 4 5 6 7 9 10 | 10.0
Armour         | 4 6 7 8 9 |  9.0
Shields        | 4 5 6 |  6.0
Invocations    | 5 8 10 | 10.8

Action                   |  1- 3 |  4- 6 |  7- 9 | 10-12 || total
-------------------------+-------+-------+-------+-------++-------
Melee: War axe           |    98 |   206 |   331 |   254 ||   889
Invok: Convert to Beogh  |       |       |     1 |       ||     1
Evoke: Wand              |       |       |     5 |     7 ||    12
  Use: Potion            |       |       |     4 |     1 ||     5
 Stab: Invisible         |       |       |     3 |       ||     3
Armor: Scale mail        |    46 |    88 |   124 |    73 ||   331
Dodge: Dodged            |    32 |    59 |   117 |    69 ||   277
Block: Kite shield       |    60 |   115 |   168 |   151 ||   494

Table legend: (Time is in decaauts)
 A = Elapsed time spent in this place.
 B = Non-inter-level travel time spent in this place.
 C = Inter-level travel time spent in this place.
 D = Time resting spent in this place.
 E = Time spent auto-exploring this place.
 F = Levels seen in this place.
 G = Mean time per level.
                   A        B        C        D        E       F      G
               +--------+--------+--------+--------+--------+-----+--------+
         Total |  10313 |  10012 |    301 |   3522 |   4673 |  10 | 1031.3 |
       Dungeon |  10311 |  10010 |    301 |   3522 |   4673 |   9 | 1145.7 |
        Temple |      1 |      1 |      0 |      0 |      0 |   1 |    1.0 |
               +--------+--------+--------+--------+--------+-----+--------+

Top non-repeatable levels by time:
     D:9: 1504 daAuts
     D:3: 1392 daAuts
     D:4: 1294 daAuts
     D:7: 1232 daAuts
     D:5: 1135 daAuts
     D:6: 1125 daAuts
     D:1: 1113 daAuts
     D:2: 787 daAuts
     D:8: 725 daAuts
  Temple: 1 daAuts
